| TOP OF THE 1ST |
|
Los Angeles Dodgers batting - Pitching for Atlanta Firebirds : RHP Simon Mercedes
|
|
Pitching: RHP Simon Mercedes
|
|
|
Batting: LHB Todd McDonald
|
0-0: Ball 1-0: Called Strike 1-1: Fly out, F7 (Flyball, 7, EV 95.0 MPH)
|
|
Batting: RHB Yasiel Puig
|
0-0: Foul Ball, location: 3F 0-1: Called Strike 0-2: Ball 1-2: Ball 2-2: Foul Ball, location: 3FF 2-2: Ball 3-2: SINGLE (Groundball, 4MD, EV 101.9 MPH)
|
|
Batting: RHB Nick Castellanos
|
0-0: Foul Ball, location: 23F 0-1: Ball 1-1: SINGLE (Line Drive, 9S, EV 98.8 MPH) Yasiel Puig to second
|
|
Batting: SHB Greg Henderson
|
0-0: Ball 1-0: Called Strike 1-1: Foul Ball, location: 2F 1-2: Grounds into double play, 5-4-3 (Groundball, 5, EV 93.8 MPH)
|
| Top of the 1st over - 0 runs, 2 hits, 0 errors, 1 left on base; Los Angeles 0 - Atlanta 0 |
| BOTTOM OF THE 1ST |
|
Atlanta Firebirds batting - Pitching for Los Angeles Dodgers : RHP José Cruz
|
|
Pitching: RHP José Cruz
|
|
|
Batting: RHB Luis Camacho
|
0-0: Called Strike 0-1: Ball 1-1: Fly out, F9 (Line Drive, 9S, EV 103.8 MPH)
|
|
Batting: RHB Jorge Gutiérrez
|
0-0: Ground out 1-3 (Groundball, 15S, EV 74.4 MPH)
|
|
Batting: LHB Desi Godfrey
|
0-0: Ground out 4-3 (Groundball, 34, EV 101.3 MPH)
|
| Bottom of the 1st over - 0 runs, 0 hits, 0 errors, 0 left on base; Los Angeles 0 - Atlanta 0 |
| TOP OF THE 2ND |
|
Los Angeles Dodgers batting - Pitching for Atlanta Firebirds : RHP Simon Mercedes
|
|
Batting: SHB José Rodríguez
|
0-0: Fly out, F8 (Line Drive, 8LM, EV 100.0 MPH)
|
|
Batting: RHB Matt Morgan
|
0-0: Ball 1-0: Called Strike 1-1: Ground out 5-3 (Groundball, 56, EV 105.0 MPH)
|
|
Batting: RHB Dan Fletcher
|
0-0: Called Strike 0-1: Fly out, F7 (Flyball, 78M, EV 92.5 MPH)
|
| Top of the 2nd over - 0 runs, 0 hits, 0 errors, 0 left on base; Los Angeles 0 - Atlanta 0 |
| BOTTOM OF THE 2ND |
|
Atlanta Firebirds batting - Pitching for Los Angeles Dodgers : RHP José Cruz
|
|
Batting: RHB Phil Walker
|
0-0: Ball 1-0: Called Strike 1-1: Foul Ball, location: 23F 1-2: Ball 2-2: Ball 3-2: Fly out, F4 (Line Drive, 34D, EV 65.0 MPH)
|
|
Batting: RHB Jim Bowers
|
0-0: Ball 1-0: Ground out 6-3 (Groundball, 6S, EV 64.4 MPH)
|
|
Batting: RHB Wilmer Flores
|
0-0: Ball 1-0: Called Strike 1-1: Fly out, F8 (Flyball, 8LM, EV 88.1 MPH)
|
| Bottom of the 2nd over - 0 runs, 0 hits, 0 errors, 0 left on base; Los Angeles 0 - Atlanta 0 |
| TOP OF THE 3RD |
|
Los Angeles Dodgers batting - Pitching for Atlanta Firebirds : RHP Simon Mercedes
|
|
Batting: RHB Ismael Lópes
|
0-0: DOUBLE (Line Drive, 7LS, EV 99.4 MPH)
|
|
Batting: RHB Albert Almora
|
0-0: Called Strike 0-1: Called Strike 0-2: Ball 1-2: Ball 2-2: Ball 3-2: Strikes out swinging
|
|
Batting: LHB Todd McDonald
|
0-0: Foul Ball, location: 2F 0-1: Ball 1-1: Foul Ball, location: 2F 1-2: Ground out 6-3 (Groundball, 6, EV 88.8 MPH)
|
|
Batting: RHB Yasiel Puig
|
0-0: Ball 1-0: Swinging Strike 1-1: Ground out 6-3 (Groundball, 6, EV 86.9 MPH)
|
| Top of the 3rd over - 0 runs, 1 hit, 0 errors, 1 left on base; Los Angeles 0 - Atlanta 0 |
| BOTTOM OF THE 3RD |
|
Atlanta Firebirds batting - Pitching for Los Angeles Dodgers : RHP José Cruz
|
|
Batting: RHB Gleyber Torres
|
0-0: Ball 1-0: Foul Ball, location: 2F 1-1: Ball 2-1: Ball 3-1: Foul Ball, location: 2RF 3-2: Base on Balls
|
|
Batting: RHB Wes Ramey
|
0-0: Called Strike 0-1: Ball 1-1: Sac Bunt to 13S - play at second, runner safe!
|
|
Batting: RHB Eric James
|
0-0: Called Strike 0-1: Ball 1-1: Swinging Strike 1-2: Foul Ball, location: 5SF 1-2: Ball 2-2: Fly out, F9 (Line Drive, 9S, EV 100.0 MPH)
|
|
Batting: RHB Luis Camacho
|
0-0: Called Strike 0-1: Ball 1-1: SINGLE (Groundball, 34D, EV 95.0 MPH) Gleyber Torres to third Wes Ramey to second
|
|
Batting: RHB Jorge Gutiérrez
|
0-0: Ball 1-0: Fly out, F4 (Line Drive, 4, EV 64.4 MPH) Lined into DP, 4-6 (Line Drive, 4, EV 64.4 MPH)
|
| Bottom of the 3rd over - 0 runs, 1 hit, 0 errors, 2 left on base; Los Angeles 0 - Atlanta 0 |
| TOP OF THE 4TH |
|
Los Angeles Dodgers batting - Pitching for Atlanta Firebirds : RHP Simon Mercedes
|
|
Batting: RHB Nick Castellanos
|
0-0: Ball 1-0: Called Strike 1-1: Called Strike 1-2: Ball 2-2: Ground out 6-3 (Groundball, 6, EV 76.3 MPH)
|
|
Batting: SHB Greg Henderson
|
0-0: Fly out, F8 (Flyball, 78M, EV 89.4 MPH)
|
|
Batting: SHB José Rodríguez
|
0-0: Swinging Strike 0-1: Ball 1-1: Ball 2-1: Foul Ball, location: 2F 2-2: Strikes out swinging
|
| Top of the 4th over - 0 runs, 0 hits, 0 errors, 0 left on base; Los Angeles 0 - Atlanta 0 |
| BOTTOM OF THE 4TH |
|
Atlanta Firebirds batting - Pitching for Los Angeles Dodgers : RHP José Cruz
|
|
Batting: LHB Desi Godfrey
|
0-0: Foul Ball, location: 7LMF 0-1: Ground out U3 (Groundball, 34, EV 86.9 MPH)
|
|
Batting: RHB Phil Walker
|
0-0: Ball 1-0: Ball 2-0: Ball 3-0: Called Strike 3-1: Base on Balls
|
|
Batting: RHB Jim Bowers
|
0-0: Ball 1-0: Fly out, F4 (Popup, 4, EV 75.0 MPH)
|
|
Batting: RHB Wilmer Flores
|
0-0: Ball 1-0: Called Strike 1-1: Fly out, F9 (Flyball, 89D, EV 105.6 MPH)
|
| Bottom of the 4th over - 0 runs, 0 hits, 0 errors, 1 left on base; Los Angeles 0 - Atlanta 0 |
| TOP OF THE 5TH |
|
Los Angeles Dodgers batting - Pitching for Atlanta Firebirds : RHP Simon Mercedes
|
|
Batting: RHB Matt Morgan
|
0-0: Ball 1-0: Called Strike 1-1: Ball 2-1: Called Strike 2-2: Foul Ball, location: 3F 2-2: Foul Ball, location: 9LMF 2-2: Ball 3-2: Foul Ball, location: 9LSF 3-2: Foul Ball, location: 5DF 3-2: Foul Ball, location: 23F 3-2: Strikes out looking
|
|
Batting: RHB Dan Fletcher
|
0-0: Ball 1-0: Called Strike 1-1: Ground out 5-3 (Groundball, 56S, EV 89.4 MPH)
|
|
Batting: RHB Ismael Lópes
|
0-0: Foul Ball, location: 9LDF 0-1: Swinging Strike 0-2: Ball 1-2: Strikes out swinging
|
| Top of the 5th over - 0 runs, 0 hits, 0 errors, 0 left on base; Los Angeles 0 - Atlanta 0 |
| BOTTOM OF THE 5TH |
|
Atlanta Firebirds batting - Pitching for Los Angeles Dodgers : RHP José Cruz
|
|
Batting: RHB Gleyber Torres
|
0-0: Ball 1-0: Called Strike 1-1: Fly out, F9 (Flyball, 9LM, EV 81.9 MPH)
|
|
Batting: RHB Wes Ramey
|
0-0: Ball 1-0: Called Strike 1-1: Ball 2-1: Ball 3-1: Base on Balls
|
|
Batting: RHB Eric James
|
0-0: Ball 1-0: Called Strike 1-1: Called Strike 1-2: Ball 2-2: SINGLE (Line Drive, 8RS, EV 92.5 MPH) Wes Ramey to second
|
|
Batting: RHB Luis Camacho
|
0-0: SINGLE (Line Drive, 4D, EV 104.4 MPH) Wes Ramey to third Eric James to second
|
|
Batting: RHB Jorge Gutiérrez
|
0-0: Ball 1-0: Fly out, F9 (Line Drive, 89S, EV 75.0 MPH)
|
|
Batting: LHB Desi Godfrey
|
0-0: Ball 1-0: SINGLE (Groundball, 34D, EV 103.8 MPH) Wes Ramey scores Eric James to third Luis Camacho to second
|
|
Batting: RHB Phil Walker
|
0-0: Foul Ball, location: 2F 0-1: Ball 1-1: Ball 2-1: Ball 3-1: Foul Ball, location: 2F 3-2: Ground out 6-3 (Groundball, 6MD, EV 99.4 MPH)
|
| Bottom of the 5th over - 1 run, 3 hits, 0 errors, 3 left on base; Los Angeles 0 - Atlanta 1 |
| TOP OF THE 6TH |
|
Los Angeles Dodgers batting - Pitching for Atlanta Firebirds : RHP Simon Mercedes
|
|
Batting: RHB Albert Almora
|
0-0: Called Strike 0-1: Called Strike 0-2: Fly out, F3 (Line Drive, 34, EV 67.5 MPH)
|
|
Batting: LHB Todd McDonald
|
0-0: Foul Ball, location: 25FF 0-1: Ball 1-1: Ball 2-1: Fly out, F4 (Popup, 4M, EV 57.5 MPH)
|
|
Batting: RHB Yasiel Puig
|
0-0: Called Strike 0-1: Foul Ball, location: 3F 0-2: Ball 1-2: Fly out, F6 (Popup, 6M, EV 55.6 MPH)
|
| Top of the 6th over - 0 runs, 0 hits, 0 errors, 0 left on base; Los Angeles 0 - Atlanta 1 |
| BOTTOM OF THE 6TH |
|
Atlanta Firebirds batting - Pitching for Los Angeles Dodgers : RHP José Cruz
|
|
Batting: RHB Jim Bowers
|
0-0: Foul Ball, location: 5SF 0-1: Reached on error, E5 (Groundball, 15, EV 87.5 MPH)
|
|
Batting: RHB Wilmer Flores
|
0-0: Called Strike 0-1: Swinging Strike 0-2: Foul Ball, location: 2F 0-2: Ball Balk! Jim Bowers to third 1-2: Strikes out swinging
|
|
Batting: RHB Gleyber Torres
|
0-0: Ball 1-0: Fielders Choice at home, 6-2 (Groundball, 6M, EV 81.3 MPH)
|
|
Batting: RHB Wes Ramey
|
0-0: Foul Ball, location: 9LDF 0-1: SINGLE (Line Drive, 7LM, EV 103.1 MPH) Gleyber Torres to second Runner from 2nd tries for 3rd, SAFE, throw by LF made to third Wes Ramey to second
|
|
Batting: RHB Eric James
|
0-0: Swinging Strike 0-1: Foul Ball, location: 2F 0-2: Fly out, F9 (Flyball, 89S, EV 88.1 MPH)
|
| Bottom of the 6th over - 0 runs, 1 hit, 1 error, 2 left on base; Los Angeles 0 - Atlanta 1 |
| TOP OF THE 7TH |
|
Los Angeles Dodgers batting - Pitching for Atlanta Firebirds : RHP Simon Mercedes
|
|
Batting: RHB Nick Castellanos
|
0-0: Ball 1-0: Fly out, F9 (Line Drive, 9S, EV 86.3 MPH)
|
|
Batting: SHB Greg Henderson
|
0-0: Ball 1-0: Ball 2-0: Foul Ball, location: 5F 2-1: Called Strike 2-2: Strikes out swinging
|
|
Batting: SHB José Rodríguez
|
0-0: Ball 1-0: Ball 2-0: Ball 3-0: Base on Balls
|
|
Batting: RHB Matt Morgan
|
0-0: Ball 1-0: SINGLE (Groundball, 4D, EV 97.5 MPH) José Rodríguez to second Runner from 2nd tries for 3rd, SAFE, throw by CF made to third
|
|
Pitching: RHP Joel Nelson
|
|
|
Batting: RHB Dan Fletcher
|
0-0: Fly out, F6 (Line Drive, 6, EV 65.6 MPH)
|
| Top of the 7th over - 0 runs, 1 hit, 0 errors, 2 left on base; Los Angeles 0 - Atlanta 1 |
| BOTTOM OF THE 7TH |
|
Atlanta Firebirds batting - Pitching for Los Angeles Dodgers : RHP José Cruz
|
|
Batting: RHB Luis Camacho
|
0-0: Ball 1-0: Fly out, F7 (Flyball, 78S, EV 92.5 MPH)
|
|
Batting: RHB Jorge Gutiérrez
|
0-0: Fly out, F8 (Line Drive, 8RM, EV 93.1 MPH)
|
|
Batting: LHB Desi Godfrey
|
0-0: Ball 1-0: Called Strike 1-1: Foul Ball, location: 23F 1-2: Ball 2-2: Strikes out swinging
|
| Bottom of the 7th over - 0 runs, 0 hits, 0 errors, 0 left on base; Los Angeles 0 - Atlanta 1 |
| TOP OF THE 8TH |
|
Los Angeles Dodgers batting - Pitching for Atlanta Firebirds : RHP Joel Nelson
|
|
Batting: RHB Ismael Lópes
|
0-0: Fly out, F6 (Popup, 6, EV 63.8 MPH)
|
|
Batting: RHB Albert Almora
|
0-0: Ball 1-0: Ball 2-0: Called Strike 2-1: DOUBLE (Flyball, 89XD, EV 105.0 MPH)
|
|
Batting: LHB Todd McDonald
|
0-0: Ball 1-0: Called Strike 1-1: Foul Ball, location: 5SF 1-2: Ball 2-2: Foul Ball, location: 25F 2-2: Foul Ball, location: 2F 2-2: SINGLE (Flyball, 34D, EV 92.5 MPH) Albert Almora to third
|
|
Batting: RHB Yasiel Puig
|
0-0: Ball 1-0: Ball 2-0: Called Strike 2-1: Swinging Strike 2-2: Foul Ball, location: 3FF 2-2: Ball 3-2: Strikes out looking
|
|
Batting: RHB Nick Castellanos
|
0-0: Called Strike 0-1: Ball 1-1: Fielders Choice at 2nd, 6-4 (Groundball, 6, EV 97.5 MPH)
|
| Top of the 8th over - 0 runs, 2 hits, 0 errors, 2 left on base; Los Angeles 0 - Atlanta 1 |
| BOTTOM OF THE 8TH |
|
Atlanta Firebirds batting - Pitching for Los Angeles Dodgers : RHP José Cruz
|
|
Pitching: RHP Spike Henry
|
|
|
Batting: RHB Phil Walker
|
0-0: Called Strike 0-1: Foul Ball, location: 25F 0-2: Ball 1-2: Ball 2-2: Ball 3-2: Foul Ball, location: 2F 3-2: Base on Balls
|
|
Batting: RHB Jim Bowers
|
0-0: Ball Phil Walker steals 2nd base 1-0: Called Strike 1-1: Fly out, F8 (Flyball, 8RD, EV 100.0 MPH)
|
|
Batting: RHB Wilmer Flores
|
0-0: Ball 1-0: Called Strike 1-1: Ball 2-1: Called Strike 2-2: Foul Ball, location: 5F 2-2: Ball 3-2: Base on Balls
|
|
Batting: RHB Gleyber Torres
|
0-0: Ball 1-0: Swinging Strike 1-1: Foul Ball, location: 23F 1-2: Strikes out swinging
|
|
Batting: RHB Wes Ramey
|
0-0: Called Strike 0-1: Called Strike 0-2: Ball 1-2: Strikes out swinging
|
| Bottom of the 8th over - 0 runs, 0 hits, 0 errors, 2 left on base; Los Angeles 0 - Atlanta 1 |
| TOP OF THE 9TH |
|
Los Angeles Dodgers batting - Pitching for Atlanta Firebirds : RHP Joel Nelson
|
|
Pitching: LHP Curt Wilkerson
|
|
|
Pinch Hitting: RHB Josh Moore
|
0-0: Called Strike 0-1: Ball 1-1: Foul Ball, location: 9LDF 1-2: Ball 2-2: Fly out, F8 (Flyball, 89M, EV 90.6 MPH)
|
|
Batting: SHB José Rodríguez
|
0-0: DOUBLE (Line Drive, 78XD, EV 105.6 MPH)
|
|
Batting: RHB Matt Morgan
|
0-0: Called Strike 0-1: SINGLE (Groundball, 13, EV 67.5 MPH) (infield hit) José Rodríguez to third
|
|
Batting: RHB Dan Fletcher
|
0-0: Ball 1-0: Foul Ball, location: 2F 1-1: Ball 2-1: Swinging Strike 2-2: Foul Ball, location: 25FF 2-2: Ground out 6-3 (Groundball, 56, EV 98.1 MPH) José Rodríguez scores Matt Morgan to second
|
|
Batting: RHB Ismael Lópes
|
0-0: Ball 1-0: Ball 2-0: Fly out, F9 (Flyball, 9, EV 94.4 MPH)
|
| Top of the 9th over - 1 run, 2 hits, 0 errors, 1 left on base; Los Angeles 1 - Atlanta 1 |
| BOTTOM OF THE 9TH |
|
Atlanta Firebirds batting - Pitching for Los Angeles Dodgers : RHP Spike Henry
|
|
Now at 1B: Kyle Schwarber
|
|
|
Pinch Hitting: LHB Lou Brown
|
0-0: Ball 1-0: Ground out 5-3 (Groundball, 25, EV 85.6 MPH)
|
|
Batting: RHB Luis Camacho
|
0-0: Ball 1-0: Ball 2-0: Foul Ball, location: 2F 2-1: Foul Ball, location: 9LMF 2-2: Ground out 6-3 (Groundball, 6, EV 100.0 MPH)
|
|
Batting: RHB Jorge Gutiérrez
|
0-0: Called Strike 0-1: SINGLE (Groundball, 2L, EV 71.3 MPH) (infield hit)
|
|
Batting: LHB Desi Godfrey
|
0-0: Ball 1-0: Swinging Strike 1-1: SINGLE (Line Drive, 7S, EV 105.0 MPH) Jorge Gutiérrez to second Runner from 2nd tries for 3rd, SAFE, throw by LF made to third
|
|
Batting: RHB Phil Walker
|
0-0: Fly out, F7 (Line Drive, 7, EV 97.5 MPH)
|
| Bottom of the 9th over - 0 runs, 2 hits, 0 errors, 2 left on base; Los Angeles 1 - Atlanta 1 |
| TOP OF THE 10TH |
|
Los Angeles Dodgers batting - Pitching for Atlanta Firebirds : LHP Curt Wilkerson
|
|
Ismael Lópes starts the inning at 2nd base.
|
|
|
Now at SS: Miguel Ruiz
|
|
|
Batting: RHB Albert Almora
|
0-0: Intentional Walk
|
|
Batting: LHB Todd McDonald
|
0-0: Called Strike 0-1: Ball 1-1: Swinging Strike 1-2: Ball 2-2: Ball 3-2: Base on Balls Ismael Lópes to third Albert Almora to second
|
|
Batting: RHB Yasiel Puig
|
0-0: Ball 1-0: Ball 2-0: DOUBLE (Line Drive, 8RD, EV 103.8 MPH) Ismael Lópes scores Albert Almora scores Todd McDonald to third
|
|
Batting: RHB Nick Castellanos
|
0-0: Intentional Walk
|
|
Batting: LHB Kyle Schwarber
|
0-0: Called Strike 0-1: Ball 1-1: Swinging Strike 1-2: Strikes out looking
|
|
Pitching: RHP Chad Jackson
|
|
|
Batting: SHB José Rodríguez
|
0-0: Ball 1-0: Ball 2-0: Ball 3-0: Called Strike 3-1: Foul Ball, location: 25F 3-2: Base on Balls Todd McDonald scores Yasiel Puig to third Nick Castellanos to second
|
|
Batting: RHB Matt Morgan
|
0-0: Ball 1-0: Ball 2-0: Foul Ball, location: 3FF 2-1: Ball 3-1: Base on Balls Yasiel Puig scores Nick Castellanos to third José Rodríguez to second
|
|
Batting: RHB Dan Fletcher
|
0-0: Ball 1-0: Ball 2-0: TRIPLE (Line Drive, 89XD, EV 102.5 MPH) Nick Castellanos scores José Rodríguez scores Matt Morgan scores
|
|
Batting: RHB Ismael Lópes
|
0-0: Ball 1-0: Ball 2-0: Called Strike 2-1: SINGLE (Line Drive, 89S, EV 94.4 MPH) Dan Fletcher scores
|
|
Batting: RHB Albert Almora
|
0-0: Ball 1-0: Foul Ball, location: 2F 1-1: SINGLE (Line Drive, 8LS, EV 102.5 MPH) Ismael Lópes to second
|
|
Batting: LHB Todd McDonald
|
0-0: Ball 1-0: Ball 2-0: Called Strike 2-1: Foul Ball, location: 7LDF 2-2: Strikes out swinging
|
|
Batting: RHB Yasiel Puig
|
0-0: Foul Ball, location: 9LDF 0-1: Ball 1-1: Called Strike 1-2: Strikes out looking
|
| Top of the 10th over - 8 runs, 4 hits, 0 errors, 2 left on base; Los Angeles 9 - Atlanta 1 |
| BOTTOM OF THE 10TH |
|
Atlanta Firebirds batting - Pitching for Los Angeles Dodgers : RHP Spike Henry
|
|
Phil Walker starts the inning at 2nd base.
|
|
|
Pitching: RHP Bob Vaughn
|
|
|
Batting: RHB Jim Bowers
|
0-0: Ball 1-0: Swinging Strike 1-1: Ball 2-1: Swinging Strike 2-2: Strikes out swinging
|
|
Batting: RHB Wilmer Flores
|
0-0: Called Strike 0-1: Ground out 6-3 (Groundball, P, EV 79.4 MPH)
|
|
Batting: RHB Gleyber Torres
|
0-0: Ball 1-0: Called Strike 1-1: SINGLE (Line Drive, 6M, EV 98.1 MPH) Phil Walker to third
|
|
Batting: RHB Wes Ramey
|
0-0: Ball 1-0: SINGLE (Line Drive, 3D, EV 94.4 MPH) Phil Walker scores Gleyber Torres to second
|
|
Batting: SHB Miguel Ruiz
|
0-0: Ball 1-0: Ball 2-0: Fly out, F9 (Flyball, 9LM, EV 85.6 MPH)
|
| Bottom of the 10th over - 1 run, 2 hits, 0 errors, 2 left on base; Los Angeles 9 - Atlanta 2 |
|